Map: [ESL] Tropical Sacrifice

Players

Reynor - Winner!

  • Race: Zerg Zerg
  • Spawn Location: 7:00

HeroMarine

  • Race: Terran Terran
  • Spawn Location: 1:00

Event: DreamHack SC2 Masters 2022 Atlanta (Online)

VOD

Have the link to the VOD?

Description

Time

  • Played on: Oct. 14, 2022, 2:45 p.m.
  • Length: 8:35

All games in this series

Show
View Real Time Build Order
Export as new Build Order

Reynor Zerg - Winner!

Build Orders: Hatch First 

Get SALT Encoding   

  12  0:00  Drone  
  13  0:13  Overlord  
  13  0:18  Drone  
  14  0:31  Drone x2  
  16  0:52  Drone, Hatchery  
  16  0:56  Drone  
  17  0:59  Drone  
  18  1:10  Extractor  
  17  1:15  Spawning Pool  
  17  1:18  Drone  
  17  1:20  Drone  
  18  1:28  Drone  
  19  1:39  Drone  
  20  1:50  Overlord  
  20  2:03  Queen  
  20  2:04  Queen  
  20  2:05  Drone x2  
  26  2:11  Zergling x2  
  26  2:15  Zergling x2  
  28  2:22  Drone  
  29  2:25  Drone  
  29  2:28  Extractor  
  29  2:31  Spore Crawler  
  29  2:32  Metabolic Boost  
  29  2:36  Drone  
  30  2:41  Hatchery  
  30  2:43  Drone  
  31  2:46  Drone  
  31  2:48  Drone  
  33  2:54  Overlord  
  33  2:59  Zergling x2  
  33  3:02  Queen  
  35  3:07  Spore Crawler  
  35  3:10  Drone  
  35  3:14  Spore Crawler, Drone  
  35  3:18  Drone  
  36  3:21  Queen  
  36  3:27  Zergling x4  
  40  3:29  Drone  
  40  3:31  Drone  
  40  3:33  Zergling x2  
  43  3:38  Overlord  
  43  3:47  Overlord  
  43  3:52  Queen  
  43  3:54  Queen  
  47  3:55  Drone  
  47  3:58  Drone x2  
  47  4:00  Overlord  
  50  4:04  Drone x2  
  50  4:06  Drone  
  54  4:10  Drone  
  54  4:15  Zergling x8  
  58  4:18  Zergling x4  
  58  4:24  Zergling x2  
  61  4:25  Drone  
  61  4:27  Drone  
  63  4:31  Overlord  
  63  4:33  Drone x2  
  63  4:35  Drone x2  
  63  4:37  Drone  
  68  4:45  Drone  
  68  4:46  Drone  
  68  4:47  Drone  
  68  4:50  Queen  
  71  4:56  Drone  
  71  4:57  Overlord  
  71  4:58  Queen, Drone  
  75  5:03  Drone x4  
  75  5:04  Drone  
  75  5:05  Overlord  
  79  5:07  Drone  
  79  5:12  Drone  
  79  5:16  Roach Warren  
  79  5:17  Spore Crawler  
  79  5:18  Zergling x8  
  81  5:23  Drone x3  
  84  5:30  Overlord  
  84  5:32  Spore Crawler, Lair  
  84  5:34  Queen  
  85  5:36  Drone x2  
  85  5:37  Extractor  
  85  5:38  Overlord  
  86  5:45  Drone x2  
  86  5:46  Overlord  
  87  5:54  Overlord  
  87  5:58  Roach x6  
  87  5:59  Drone, Roach  
  87  6:00  Drone  
  87  6:02  Drone, Extractor  
  87  6:03  Drone  
  104  6:04  Overlord  
  104  6:09  Drone x4  
  106  6:12  Overlord  
  106  6:15  Drone  
  103  6:20  Overlord  
  103  6:22  Drone  
  103  6:23  Extractor  
  103  6:24  Queen, Drone  
  103  6:25  Spore Crawler, Evolution Chamber  
  105  6:32  Drone  
  105  6:35  Drone x2  
  106  6:42  Roach x2, Spire  
  106  6:44  Hatchery  
  106  6:46  Spore Crawler  
  107  6:47  Drone  
  107  6:50  Drone x3  
  107  6:52  Extractor x2  
  107  6:53  Overlord  
  109  6:56  Queen  
  109  7:00  Queen  
  111  7:05  Queen  
  111  7:06  Roach x2  
  113  7:11  Roach x2  
  113  7:12  Roach  
  106  7:16  Roach x3  
  106  7:21  Zergling x4, Roach x2  
  109  7:27  Overlord  
  109  7:30  Roach x4  
  109  7:32  Queen  
  109  7:36  Queen  
  117  7:40  Roach x3  
  114  7:46  Roach x4  
  114  7:48  Queen  
  123  7:53  Overlord  
  123  7:58  Corruptor x2, Overlord  
  119  8:06  Zergling x8  
  119  8:10  Spore Crawler  
  119  8:12  Spore Crawler  
Show
View Real Time Build Order
Export as new Build Order

HeroMarine Terran 

Build Orders:  

Get SALT Encoding   

  12  0:00  SCV  
  13  0:12  SCV  
  14  0:17  Supply Depot  
  14  0:24  SCV  
  15  0:39  SCV  
  15  0:40  Barracks  
  16  0:44  Refinery  
  16  0:51  SCV  
  16  0:54  Refinery  
  17  1:03  SCV  
  18  1:15  SCV  
  19  1:27  Reaper, Orbital Command  
  19  1:29  Supply Depot  
  20  1:44  Factory  
  20  1:53  SCV  
  21  2:00  Reaper  
  22  2:05  SCV  
  23  2:17  SCV  
  23  2:20  Command Center  
  24  2:28  Hellion  
  26  2:30  SCV  
  26  2:34  Barracks Reactor  
  27  2:42  SCV  
  28  2:49  Starport  
  28  2:51  Hellion  
  28  2:54  SCV  
  31  3:31  Marine x2  
  31  3:32  SCV, Medivac, Widow Mine, Orbital Command  
  38  3:36  Fusion Core  
  38  3:44  SCV  
  39  3:49  Marine x2  
  39  3:54  Factory Tech Lab  
  41  3:56  SCV  
  41  3:57  Refinery  
  41  4:00  Supply Depot  
  41  4:01  SCV  
  43  4:07  Marine x2  
  43  4:08  SCV  
  46  4:23  Supply Depot  
  48  4:31  SCV x2  
  48  4:32  Battlecruiser  
  48  4:33  Supply Depot  
  54  4:45  SCV x2, Hellion x2  
  53  4:57  SCV x2  
  55  5:06  Hellion x2  
  57  5:09  SCV x2  
  57  5:10  Weapon Refit  
  58  5:21  SCV x2  
  60  5:28  Hellion x2  
  62  5:36  Supply Depot  
  62  5:38  Supply Depot  
  62  5:41  Battlecruiser  
  68  5:43  SCV  
  69  5:58  Hellion x2  
  73  6:05  SCV x2  
  75  6:16  Supply Depot  
  75  6:18  Armory  
  75  6:19  Hellion x2  
  75  6:21  SCV x2  
  81  6:39  Supply Depot  
  81  6:43  Hellion  
  81  6:45  Battlecruiser  
  89  6:48  Hellion  
  91  7:04  Hellion  
  91  7:05  SCV x2  
  87  7:09  Hellion  
  85  7:17  SCV x2  
  86  7:26  Hellion  
  86  7:31  Hellion  
  86  7:35  SCV x2  
  88  7:41  Command Center  
  84  7:47  SCV x2  
  84  7:48  Hellion  
  86  7:52  Hellion  
  84  7:59  SCV x2  
Tags
 
Add a new tag
Caveats
  • Supply blocks, unpowered buildings, or Contaminate may cause inaccurate times.
  • Supply counts are checked every 10 seconds.